Cogmind - Beta 9.4 @@@ ROGUE MODE // 2020.03.02 @ 11:30:22 Player: ExAliquo Result: Destroyed by YI-UF0 with YI-UF0's Doublenader Performance ------------- Evolutions (0) 0 Regions Visited (2) 400 Robots Destroyed (18) 90 Value Destroyed (411) 411 Prototype IDs (0) 0 Alien Tech Used (0) 0 Bonus (0) 0 TOTAL SCORE: 901 Bonus ------- None Cogmind --------- Core Integrity 0/250 Matter 252/300 Energy 121/250 System Corruption 3% Temperature Cool (180) Movement Treading (220) Ox3 Location -10/Mines Parts ------- > --- POWER (1) -------- Ion Engine > --- PROPULSION (2) --- Light Treads > --- UTILITY (2) ------ High-capacity Storage Unit High-capacity Storage Unit > --- WEAPON (2) ------- (None) > --- INVENTORY (20) --- Ion Engine Ion Engine Ion Engine Aluminum Leg Heat Sink High-capacity Storage Unit Medium Laser Medium Laser Small Laser Particle Gun Particle Gun Particle Gun Assault Rifle Grenade Launcher Datajack Peak State ------------ > --- POWER ------------ Light Nuclear Core > --- PROPULSION ------- Light Treads Wheel > --- UTILITY ---------- High-capacity Storage Unit High-capacity Storage Unit > --- WEAPON ----------- Medium Laser Small Laser > --- INVENTORY -------- Ion Engine Ion Engine Ion Engine Light Treads Light Treads Aluminum Leg High-capacity Storage Unit Medium Laser Small Laser Small Laser Particle Gun Particle Gun Particle Gun Particle Gun Assault Rifle Datajack [Rating: 11] Favorites ----------- Power Light Nuclear Core Engine Light Ion Engine Power Core Light Nuclear Core Propulsion Light Treads Treads Light Treads Leg Aluminum Leg Wheel Wheel Utility High-capacity Storage Unit Storage High-capacity Storage Unit Weapon Small Laser Energy Gun Small Laser Build | -11 -10 -10 ------- Run | Scr Mat Min Slots Evolved . | . . . Power . | . . . Propulsion . | . . . Utility . | . . . Weapon . | . . . Parts Attached 18 | 3 7 8 Power 2 | . 1 1 Engine 1 | . . 1 Core 1 | . 1 . Reactor . | . . . Propulsion 7 | 2 1 4 Treads 5 | 1 1 3 Leg . | . . . Wheel 2 | 1 . 1 Hover . | . . . Flight . | . . . Utility 3 | 1 2 . Device . | . . . Storage 3 | 1 2 . Processor . | . . . Hackware . | . . . Protection . | . . . Artifact . | . . . Weapon 6 | . 3 3 Energy Gun 6 | . 3 3 Energy Cannon . | . . . Ballistic Gun . | . . . Ballistic Cannon . | . . . Launcher . | . . . Special Weapon . | . . . Impact Weapon . | . . . Slashing Weapon . | . . . Piercing Weapon . | . . . Special Melee Weapon . | . . . Unidentified Prototypes . | . . . Parts Lost 10 | . 1 9 Power 1 | . . 1 Propulsion 4 | . . 4 Utility . | . . . Weapon 5 | . 1 4 Highest Loss Streak 4 | . 1 4 Average Slot Usage (%) 94 | . 99 88 Engine 1 | . 1 . Core 11 | . 12 11 Treads 17 | . 13 21 Wheel 9 | . 14 4 Storage 28 | . 28 28 Energy Gun 24 | . 28 20 Naked Turns . | . . . Heaviest Build 73 | 13 72 73 Greatest Support 40 | 10 20 40 Greatest Overweight (x) 7 | 1 7 6 Average Overweight (x) 3 | . 3 3 Largest Inventory Capacity 20 | 8 20 20 Average Capacity 16 | 6 13 20 Most Carried 20 | 8 18 20 Average Carried 15 | 6 11 19 Final Capacity 20 | 8 20 20 Final Carried 18 | 8 18 15 Class Distribution -------------------- 58% | Hauler-Mutant 41% | Mutant Dominant Class ---------------- Mutant | -10/Materials Hauler-Mutant | -10/Mines Resources | -11 -10 -10 ----------- Run | Scr Mat Min Matter Collected 320 | 230 65 25 Remotely . | . . . Salvage Created 601 | 92 380 129 Parts 43 | 4 27 12 Haulers Intercepted 1 | . 1 . Recyclers Shooed 2 | . 2 . Parts Field Recycled . | . . . Retrieved Matter . | . . . Parts Self-Destructed . | . . . Prevented . | . . . Kills | -11 -10 -10 ------- Run | Scr Mat Min Combat Hostiles Destroyed 14 | . 9 5 Guns 14 | . 9 5 Classes Destroyed 5 | 1 4 . Hauler 1 | . 1 . Recycler 1 | 1 . . Watcher 2 | . 2 . Swarmer 6 | . 3 3 Grunt 8 | . 6 2 Best Kill Streak 3 | 1 3 3 Combat Bots Only 3 | . 3 3 Max Kills in Single Turn 2 | 1 2 2 Gunslinging 1 | . 1 1 Exploded . | . . . Melee . | . . . Uniques/NPCs Destroyed . | . . . Combat | -11 -10 -10 -------- Run | Scr Mat Min Damage Taken 1162 | . 238 924 Core 254 | . 67 187 Absorbed by Shields . | . . . Core Remaining (%) 100 | 100 . . Volleys Fired 53 | 2 36 15 Largest 2 | 2 2 2 Hottest 105 | 80 90 105 Shots Fired 106 | 4 72 30 Gun 106 | 4 72 30 Cannon . | . . . Launcher . | . . . Special . | . . . Kinetic . | . . . Thermal 106 | 4 72 30 Explosive . | . . . Electromagnetic . | . . . Robot Hit Streak 14 | 3 14 8 Robot Miss Streak 4 | . 4 3 Penetration Max . | . . . Secondary Targets 5 | . 2 3 Max Gunslinging Chain 1 | . 1 1 Shots Hit Robots 71 | 3 47 21 Core Hits 35 | 2 23 10 Critical Hits . | . . . Critical Kills . | . . . Critical Parts Destroyed . | . . . Melee Attacks . | . . . Impact . | . . . Slashing . | . . . Piercing . | . . . Sneak Attacks . | . . . Combat Hostiles . | . . . Follow-up Attacks . | . . . Damage Inflicted 872 | 33 571 268 Guns 868 | 33 567 268 Cannons . | . . . Explosions . | . . . Melee . | . . . Ramming 4 | . 4 . Kinetic . | . . . Thermal 868 | 33 567 268 Explosive . | . . . Electromagnetic . | . . . Impact . | . . . Slashing . | . . . Piercing . | . . . Highest Corruption 3 | . 3 3 Average Corruption 2 | . 2 3 Corruption Purged . | . . . Effects 22 | . 11 11 Message Errors 6 | . 3 3 Matter Fused 3 | . 1 2 Heat Flow Errors 5 | . 2 3 Energy Discharges 2 | . 1 1 Data Loss (minor) 2 | . 1 1 Targeting Errors 4 | . 3 1 Overload Shots . | . . . Overflow Damage . | . . . Projectiles . | . . . Explosions . | . . . Melee . | . . . Knockbacks . | . . . Impact . | . . . Kinetic . | . . . Secondary . | . . . Self-Inflicted Damage . | . . . Shots . | . . . Rammed 2 | . 2 . Targets Rammed 2 | . 2 . Kicked . | . . . Crushed . | . . . Highest Temperature 296 | 36 296 237 Average Temperature 90 | 20 86 101 Received Heat Transfer 168 | . 75 93 Effects 2 | . 2 . Interference 2 | . 2 . Siege Activations . | . . . Robots Corrupted . | . . . Combat Hostiles . | . . . Parts Fried . | . . . Impact Corruptions . | . . . Robots Melted . | . . . Combat Hostiles . | . . . Parts Melted 4 | . 2 2 Heat Transferred 2196 | 75 1440 681 Parts Sabotaged . | . . . Parts Stolen . | . . . Parts Stripped . | . . . Power Chain Reactions . | . . . Missiles Intercepted . | . . . Alert | -11 -10 -10 ------- Run | Scr Mat Min Peak Influence 259 | 5 259 120 Average Influence 81 | 3 103 57 Maximum Alert Level 1 | . 1 . Low Security (%) 92 | 100 85 100 Level 1 7 | . 14 . Level 2 . | . . . Level 3 . | . . . Level 4 . | . . . Level 5 . | . . . High Security . | . . . Max Security . | . . . Squads Dispatched 4 | . 4 . Investigation 4 | . 4 . Extermination . | . . . Reinforcement . | . . . Assault . | . . . Garrison . | . . . Intercept . | . . . Construction Impeded . | . . . Haulers Reinforced . | . . . Stealth | -11 -10 -10 --------- Run | Scr Mat Min Distress Signals 3 | . 3 . Communications Jammed . | . . . Distress Signals . | . . . Times Spotted 33 | . 20 13 Peak Tracking Total 6 | . 4 6 Tactical Retreats 2 | . 1 1 Traps | -11 -10 -10 ------- Run | Scr Mat Min Traps Triggered 1 | . 1 . Indirectly . | . . . Trap Hack Attempts . | . . . Triggered . | . . . Disarmed . | . . . Reprogrammed . | . . . Reused . | . . . Traps Extracted . | . . . Installed . | . . . Triggered . | . . . Machines | -11 -10 -10 ---------- Run | Scr Mat Min Machines Disabled . | . . . Max in Single Turn . | . . . Machines Sabotaged . | . . . Garrisons Compromised . | . . . Overloaded Fab Kills . | . . . Fab Network Shutdowns . | . . . Hacking | -11 -10 -10 --------- Run | Scr Mat Min Machines Accessed 7 | . 7 . Terminals 5 | . 5 . Fabricators . | . . . Repair Stations 1 | . 1 . Recycling Units 1 | . 1 . Scanalyzers . | . . . Garrison Access . | . . . Total Hacks 23 | . 23 . Successful 12 | . 12 . Failed 10 | . 10 . Catastrophic . | . . . Database Lockouts 1 | . 1 . Manual 12 | . 12 . Terminals 18 | . 18 . Fabricators . | . . . Repair Stations 4 | . 4 . Recycling Units 1 | . 1 . Scanalyzers . | . . . Garrison Access . | . . . Terminal Hacks 7 | . 7 . Robot Analysis 2 | . 2 . Branch Access Points 1 | . 1 . Unreport Threat 1 | . 1 . Locate Traps 1 | . 1 . Recall Investigation 2 | . 2 . Fabricator Hacks . | . . . Repair Station Hacks 3 | . 3 . Scan Component 2 | . 2 . Repair 1 | . 1 . Recycling Unit Hacks . | . . . Scanalyzer . | . . . Garrison Access Hacks . | . . . Unauthorized Hacks 6 | . 6 . Terminals 1 | . 1 . Botnet 1 | . 1 . Fabricators . | . . . Repair Stations . | . . . Recycling Units 1 | . 1 . Tunnel 1 | . 1 . Scanalyzers . | . . . Garrison Access . | . . . Data Cores Recovered . | . . . Used . | . . . Hacking Detections 6 | . 6 . Full Trace Events 3 | . 3 . Feedback Events 1 | . 1 . Corruption 1 | . 1 . Feedback Blocked . | . . . Robot Schematics Acquired . | . . . Robots Built . | . . . Matter . | . . . Time . | . . . Total Robot Build Rating . | . . . Part Schematics Acquired . | . . . Parts Built . | . . . Matter . | . . . Time . | . . . Total Part Build Rating . | . . . Parts Repaired 1 | . 1 . Time 26 | . 26 . Parts Recycled . | . . . Recycled Matter . | . . . Retrieved Matter . | . . . Retrieved Components . | . . . Parts Scanalyzed . | . . . Part Schematics Acquired . | . . . Parts Damaged . | . . . Bothacking | -11 -10 -10 ------------ Run | Scr Mat Min Used RIF Installer . | . . . Robots Hacked . | . . . Non-combat . | . . . Combat . | . . . Robot Hacks Applied . | . . . Relay Couplers Released . | . . . Robots Rewired . | . . . Allies Hacked . | . . . Hacks Repelled . | . . . Allies | -11 -10 -10 -------- Run | Scr Mat Min Total Allies . | . . . Largest Group . | . . . Highest-Rated Group . | . . . Highest-Rated Ally . | . . . Total Orders . | . . . Ally Attacks . | . . . Total Damage . | . . . Kills . | . . . Allies Corrupted . | . . . Allies Melted . | . . . Intel | -11 -10 -10 ------- Run | Scr Mat Min Robot Analysis Total 2 | . 2 . Derelict Logs Recovered . | . . . Drone Launches . | . . . Drone Recoveries . | . . . Exploration | -11 -10 -10 ------------- Run | Scr Mat Min Turns Passed 1585 | 27 846 712 Spaces Moved 922 | 17 526 379 Core . | . . . Treads 215 | . 8 207 Legs . | . . . Wheels 707 | 17 518 172 Hover . | . . . Flight . | . . . Fastest Speed 80 | 80 90 140 Average Speed 134 | 86 115 161 Slowest Speed 200 | 90 200 180 Overloaded Moves . | . . . Propulsion Burnouts . | . . . Robots Hopped . | . . . Cave-ins Triggered . | . . . Exploration Rate (%) 38 | 3 64 49 Regions Visited 2 Branch Regions 1 Pre-discovered Areas 1 | . 1 . Known Exits Taken 1 | . 1 . Unknown Exits Taken 1 | 1 . . Scrap Searched . | . . . Spaces Dug . | . . . Terrain Destroyed . | . . . Melee . | . . . Projectile . | . . . AOE . | . . . Actions | -11 -10 -10 --------- Run | Scr Mat Min Total 1163 | 23 692 448 Wait 137 | . 99 38 Move 920 | 16 525 379 Hop . | . . . Pick Up 20 | 2 14 4 Fast Attach 5 | 1 3 1 Attach 6 | . . 6 Detach 1 | . . 1 Swap 7 | 2 4 1 Drop 12 | . 9 3 Fire 53 | 2 36 15 Melee . | . . . Ram . | . . . Kick . | . . . Crush 2 | . 2 . Escape Stasis . | . . . Rewire . | . . . Trap . | . . . Miscellaneous . | . . . Route ------- -11/Scrapyard -10/Materials (discovered 3 exits: [*Mat x2] / *Min) -10/Mines History --------- Turn | Location | Event 10 | -11/Scrapyard | Discovered new exit (range 2) 28 | -11/Scrapyard | Entered Materials 200 | -10/Materials | Discovered new exit (range 6) 310 | -10/Materials | Build established: Mutant 396 | -10/Materials | Discovered new exit (range 14) 503 | -10/Materials | Identified exit to Mines 507 | -10/Materials | Central database locked down 630 | -10/Materials | Discovered new exit (range 10) 809 | -10/Materials | Repaired Lgt. Treads 874 | -10/Materials | Entered Mines 938 | -10/Mines | Build established: Hauler-Mutant 1117 | -10/Mines | Assisted by bots powering up and referring to "LRC-V3" 1288 | -10/Mines | Assembled infested the area 1474 | -10/Mines | Core integrity fell below 50% 1502 | -10/Mines | Lost 3 parts (1p1n1w) 1571 | -10/Mines | Core integrity fell below 20% 1586 | -10/Mines | Destroyed by YI-UF0 with YI-UF0's Doublenader Last Messages --------------- 01319_ D-53 Grenadier destroyed. 01321_ U-05 Engineer lays Concrete. 01375_ K-01 Serf collects debris. 01381_ OBHTISZIHZY=Z3Z:J2I9M 01410_ System corrupted: Heat flow error (+233). 01437_ YI-UF0 mumbles something. 01463_ Sml. Laser destroyed. 01470_ The unstable cave ceiling collapses. 01471_ Lgt. Treads destroyed. 01471_ Lgt. Nuclear Core destroyed. 01481_ The unstable cave ceiling collapses. 01517_ System corrupted: Matter fused (-8). 01533_ System corrupted: Matter fused (-10). 01562_ Wheel destroyed. 01577_ YI-UF0 mumbles something. 01577_ System corrupted: Particle Gun targeting data glitched. 01579_ The unstable cave ceiling collapses. 01584_ Lgt. Treads destroyed. 01584_ Particle Gun destroyed. 01586_ Sml. Laser destroyed. Map ----- +----------------------------------------------------+ | ?????????????????? ???#####% #???????????? | | ???????????????? " ????????## #???????????? | | ???????????????###%##??????????# #???????????? | | ?????????????????#?????????????## ##???????????? | | ????????????????????????????????## ##????????????? | | ?????????????????????????????????# #?????????????? | | ?????????????????????????????????# #?????????????? | | ?????????????????????????????????# #?????????????? | | ?????????????????????????????????# #?????????????? | | ?????????????????????????????????# #?????????????? | | ?????????????????????????????????# #?????????????? | | ?????????????????????????????????# #?????????????? | | ?????????????????????????????????# #?????????????? | | ?????????????????????????????????# ?????????????? | | ????????????????????????????????## #???????????? | | ???????????????????????????????# ##??????????? | | ??????????????????????????????# #??????????? | | ?????????????????????????????# #??????????? | | ??????????????????????####?### a% #######???? | | ?????????????????????## ## [* ! ## # #???? | | ????????????????????## #???? | | ????????????????????# ##??? | | #######?????????????# g ### ### #??? | | #?????????????# #?# ## #??? | | #?????????????# ##??# ##?? | | =#??????????????# @ ##????#### #?? | | %#??????#####?### #????????## ###? | | %#?????## ## ####???#### #? | | #????## ##??# ## | | ### ##??### #??# # | | ??# #??## # #### # | | ??# #??# ## ## | | ??# #### #??# ######## | | ??# #?## ##??????### | | ??# # ##?# ##?????????## | | ??###### #### ###?## ##???????????######## | | ???????# #?## ##??## #????????????????## | | ####???# ### ##?### ##???????????###### | | ##??# ## ##?## ##???????????# | | #### #??# ##??????????# | | ## ##??# ##?????????# #### | | % ####???## ## ##????????# #??### | | # % % ##???????## #?## ########## #????? | | ## = ##?????????###???# #????? | | ?## #????????????????## #????? | | ??### ##?????????????????##################????? | | ????#####????????????????????????????????????????? | | ?????????????????????????????????????????????????? | | ?????????????????????????????????????????????????? | | | +----------------------------------------------------+ Best States ------------- Heat Dissipation 25 Energy Generation 14 Energy Capacity 250 Matter Stores 300 Matter Capacity 300 Sight Range 16 Terrain Scan Density 10 Evasion (%) 42 Recoil Reduction 2 Item Schematics ----------------- None Robot Schematics ------------------ None Fabricated ------------ Nothing Alien Tech Used ----------------- None Achievements -------------- None Challenges ------------ None Game ------ Seed MakeshiftMiniNeutralizer Manual? 0 Play Time 00:16:55 Cumulative 12.7 hours Start 2020.02.27 @ 11:35:21 End 2020.03.02 @ 11:30:22 Sessions 2 Manual Loads 0 Difficulty Rogue Special Mode None Game No. 10 Rogue 10 Adventurer 0 Explorer 0 Win Type - Total 0 Types 0/0/0/0/0/0/0 Lore% 16 Gallery% 25 Achievement% 34 Wizard Run 0 Options --------- ASCII 0 Keyboard 0 Movement Numpad Keybinds 0 Fullscreen 2 Font 12/Smallcaps Map View 83x54 Tactical HUD 1 Map Filters NONE Filters NONE Steam 1 RUN: 4465acb5-2ef1-468c-bf92-708de0c59012